 Dungeon Crawl Stone Soup version 0.17-a0-1115-g0372368 (webtiles) character file.

4718 HEYYEYAAE the Blocker (level 10, 0/71 HPs)
             Began as an Octopode Fighter on May 23, 2015.
             Was an Initiate of Gozag.
             Slain by a hippogriff (1 damage)
             ... on level 8 of the Dungeon.
             The game lasted 00:12:45 (8102 turns).

HEYYEYAAE the Blocker (Octopode Fighter)            Turns: 8102, Time: 00:12:45

Health: 0/71       AC:  1    Str: 17    XL:     10   Next: 45%
Magic:  10/10      EV: 16    Int: 10    God:    Gozag
Gold:   811        SH: 11    Dex: 14    Spells: 0 memorised, 9 levels left

rFire  . . .     SeeInvis +     x - +0 dagger (drain)
rCold  . . .     Clarity  .     b - +0 shield
rNeg   . . .     SustAt   .     (helmet restricted)
rPois  .         Gourm    .     y - amulet of resist mutation
rElec  .         Spirit   .     i - ring of invisibility
rCorr  .         Warding  .     m - ring of see invisible
rMut   +         Stasis   .     (no ring)
MR     .....                    (no ring)
Stlth  ++........               (no ring)
                                (no ring)
                                (no ring)
                                (no ring)

@: hasted, very quick, not resistant to hostile enchantments, unstealthy
A: almost no armour, amphibious, 8 rings, constrict 8, camouflage 1, gelatinous
body 1
a: Potion Petition, Call Merchant, Bribe Branch, Renounce Religion, Evoke
Invisibility


You were on level 8 of the Dungeon.
You worshipped Gozag.
Gozag was noncommittal.
You were full.

You visited 2 branches of the dungeon, and saw 9 of its levels.

You collected 1003 gold pieces.
You spent 119 gold pieces at shops.
You paid 73 gold pieces to Gozag.

Inventory:

Hand weapons
 a - a +0 war axe
 x - a +0 dagger of draining (weapon)
 F - a +0 whip of holy wrath
 I - the cursed +0 glaive "Ware" {flame, rElec Int+6 Dex+3, unknown}
   (You found it on level 7 of the Dungeon)

   It has been specially enchanted to burn those struck by it, causing extra
   injury to most foes and up to half again as much damage against particularly
   susceptible opponents.
   Big, fiery blades are also staple armaments of hydra-hunters.
   It affects your intelligence (+6).
   It affects your dexterity (+3).
   It insulates you from electricity.
   It has a curse placed upon it.
 L - a +2 whip of freezing
Missiles
 e - 8 steel tomahawks (quivered)
Armour
 b - a +0 shield (worn)
 w - a +2 buckler
Jewellery
 i - a ring of invisibility (left tentacle)
 m - a ring of see invisible (right tentacle)
 u - an uncursed amulet of faith
 y - an amulet of resist mutation (around mantle)
 H - an uncursed ring of teleport control {unknown}
Magical devices
 h - a wand of flame (13)
 o - a wand of draining (9)
 s - a wand of digging (9)
 C - a wand of draining (8)
 E - a wand of fireball (5)
Scrolls
 c - 3 scrolls of enchant weapon
 g - a scroll of amnesia
 l - 3 scrolls of enchant armour
 p - 3 scrolls of remove curse
 q - 3 scrolls of magic mapping
 r - 4 scrolls of teleportation {unknown}
 t - a scroll of torment {unknown}
 v - 2 scrolls of fear {unknown}
 K - a scroll of identify
Potions
 f - a potion of cancellation {unknown}
 j - 3 potions of agility
 k - a potion of cure mutation
 z - 2 potions of mutation
 A - a potion of haste
 B - a potion of poison {unknown}
 G - a potion of flight {unknown}
Books
 n - a book of Summonings

   Spells                             Type                      Level
   a - Recall                         Summoning/Translocation      3
   b - Aura of Abjuration             Summoning                    5
   c - Shadow Creatures               Summoning                    5
   d - Summon Demon                   Summoning                    5
   e - Summon Forest                  Summoning/Translocation      5
   f - Summon Mana Viper              Hexes/Summoning              5
Comestibles
 d - 8 bread rations
 D - a royal jelly


   Skills:
 + Level 7.0 Fighting
 + Level 6.1 Axes
 * Level 9.1 Dodging
 * Level 9.4 Shields


You had 9 spell levels left.
You didn't know any spells.

Dungeon Overview and Level Annotations

Branches:
Dungeon (8/15)             Temple (1/1) D:5
   Lair: D:8-11

Altars:
Ashenzari
Cheibriados
Fedhas
Gozag
Kikubaaqudgha
Makhleb
Nemelex Xobeh
Okawaru
Ru
Sif Muna
Trog
Vehumet
Xom
The Shining One

Shops:
D:7 *


Innate Abilities, Weirdness & Mutations

You cannot wear most types of armour.
You are amphibious.
You can wear up to eight rings at the same time.
You can use your tentacles to constrict eight enemies at once.
Your skin changes colour to match your surroundings (Stealth).
Your rubbery body absorbs attacks (AC +1).


Message History

You fail to use your ability.
You block the hippogriff's attack. You block the hippogriff's attack.
The hippogriff closely misses you.
Unknown command.
Use which ability? (? or * to list)
You fail to use your ability.
The hippogriff bites you!
* * * LOW HITPOINT WARNING * * *
The hippogriff pecks you!
* * * LOW HITPOINT WARNING * * *
The hippogriff claws you!
* * * LOW HITPOINT WARNING * * *
Unknown command.
Read which item? (? for menu, Esc to quit)
Okay, then.
Drink which item? (? for menu, Esc to quit)
You feel yourself speed up. You block the hippogriff's attack.
The hippogriff pecks you.
* * * LOW HITPOINT WARNING * * *
The hippogriff claws you.
You die...
Your body crumbles into a pile of gold.

.. #. ...# #.# .....# #.#.#
........ #.#.#.# #........#
#.#.#.#.# # #........(#
#H#.#.#.#.# #.
#........#J#H#.#.#.#.#.#
#.#
#....#.#.#@#.#.#.#.#.#.#.#.
...#.#.#.#.#.#.#...#.#.#.#
..#.#.#.#.#.#.....#.#.#.
#.#.#.#.#.# #...#.#.#..
#.#.#.#.#.#+....#.#...
#.#.#.#.#.#.#...#.#.#..
+#.#.#.#.#.#.....#.#+..
#.#.#.#+#.#.#...#.#.#..
..####...........#####..


You could see 2 hippogriffs and a jelly.

Vanquished Creatures
  Pikel (D:7)
  The ghost of HEYYEYAAE the Ducker, an experienced OpFi of Ru (D:5)
  Joseph (D:7)
  A deep elf mage (D:6)
  A spriggan (D:7)
  Duvessa (D:5)
  A phantom (D:5)
  2 ice beasts
  2 orc warriors
  2 sky beasts
  4 centaurs
  2 ogres
  A crocodile (D:7)
  5 giant frogs
  A gnoll sergeant (D:5)
  Dowan (D:5)
  A water moccasin zombie (D:8)
  2 scorpions
  4 killer bees (D:8)
  5 crimson imps
  A gnoll shaman (D:6)
  2 iguanas
  3 jellies
  Crazy Yiuf (D:2)
  An orc priest (D:8)
  A giant frog skeleton (D:6)
  2 hounds
  2 orc wizards
  8 worker ants
  25 gnolls
  6 adders
  An adder zombie (D:6)
  4 worms
  3 adder skeletons
  7 giant geckos
  17 orcs
  13 bats
  9 giant cockroaches
  10 goblins
  9 hobgoblins
  8 jackals
  13 kobolds
  6 quokkas
  A ball python (D:2)
  2 giant gecko zombies
  8 giant newts
  A jackal skeleton (D:4)
  A quokka skeleton (D:4)
  12 rats
216 creatures vanquished.

Vanquished Creatures (others)
  A rat (D:1)
1 creature vanquished.

Grand Total: 217 creatures vanquished

Notes
Turn   | Place    | Note
--------------------------------------------------------------
     0 | D:1      | HEYYEYAAE the Octopode Fighter began the quest for the Orb.
     0 | D:1      | Reached XP level 1. HP: 16/16 MP: 1/1
   155 | D:1      | Reached XP level 2. HP: 15/21 MP: 2/2
   534 | D:1      | Reached XP level 3. HP: 14/26 MP: 3/3
   968 | D:2      | Reached skill level 4 in Shields
   968 | D:2      | Reached XP level 4. HP: 16/31 MP: 4/4
  1036 | D:2      | Found a sparkling altar of Nemelex Xobeh.
  1321 | D:2      | Noticed Crazy Yiuf
  1328 | D:2      | Killed Crazy Yiuf
  1328 | D:2      | Reached XP level 5. HP: 27/36 MP: 5/5
  1853 | D:3      | Reached XP level 6. HP: 33/43 MP: 6/6
  2012 | D:4      | Reached skill level 5 in Shields
  2460 | D:4      | Reached XP level 7. HP: 43/48 MP: 7/7
  2470 | D:5      | Entered Level 5 of the Dungeon
  2685 | D:5      | Reached skill level 5 in Dodging
  2952 | D:5      | Found a deep blue altar of Sif Muna.
  2954 | D:5      | Noticed HEYYEYAAE's ghost (experienced OpFi)
  2955 | D:5      | Found a snail-covered altar of Cheibriados.
  2976 | D:5      | Killed HEYYEYAAE's ghost
  2976 | D:5      | Reached skill level 6 in Shields
  2976 | D:5      | Reached XP level 8. HP: 25/54 MP: 6/8
  3010 | D:5      | Noticed Duvessa
  3170 | D:5      | Reached skill level 5 in Fighting
  3826 | D:5      | Found a staircase to the Ecumenical Temple.
  3873 | D:5      | Noticed Dowan
  3884 | D:5      | Killed Duvessa
  3884 | D:5      | Reached skill level 7 in Shields
  3887 | D:5      | Killed Dowan
  4189 | Temple   | Entered the Ecumenical Temple
  4240 | Temple   | Became a worshipper of Gozag Ym Sagoz the Greedy
  4314 | D:6      | Reached XP level 9. HP: 17/61 MP: 9/9
  5147 | D:6      | Reached skill level 5 in Axes
  5158 | D:6      | Reached skill level 8 in Shields
  5255 | D:7      | Noticed Joseph
  5473 | D:7      | Killed Joseph
  6134 | D:7      | Found a radiant altar of Vehumet.
  6313 | D:7      | Got a polished glaive
  6853 | D:7      | Reached XP level 10. HP: 62/69 MP: 10/10
  6913 | D:7      | Reached skill level 9 in Shields
  6993 | D:7      | Found Udigaah's General Store.
  7006 | D:7      | Bought a beef jerky for 21 gold pieces
  7006 | D:7      | Bought a scroll of identify for 28 gold pieces
  7006 | D:7      | Bought a bread ration for 70 gold pieces
  7009 | D:7      | Noticed Pikel
  7034 | D:7      | Killed Pikel
  8102 | D:8      | HP: 1/71 [hippogriff (3)]
  8102 | D:8      | Slain by a hippogriff

Vault maps used:
D:1:      shiori_arrival_oz
D:2:      nrook_mini_backslash, st_stairs_14, minmay_misc_feat_roman,
          fountainhead, nemelex_xobeh_ov_fountains_minmay,
          uniq_crazy_yiuf_cottage
D:3:      nicolae_overflow_hidden_temple, minmay_crystal_room
D:5:      grunt_temple_overflow_open, temple_hall, first_bread, uniq_duvessa
D:7:      old_standard_altar, serial_shops, shop, the_bakery, uniq_pikel,
          uniq_joseph
D:8:      led_sif_pool
Temple:   nicolae_temple_god_jail

Action                   |  1- 3 |  4- 6 |  7- 9 | 10-12 || total
-------------------------+-------+-------+-------+-------++-------
Melee: War axe           |    67 |    96 |   133 |       ||   296
       Dagger            |       |       |   164 |   140 ||   304
 Abil: Evoke Invisibilit |       |       |     9 |     1 ||    10
Evoke: Wand              |       |       |     1 |       ||     1
  Use: Potion            |     3 |     2 |     5 |     2 ||    12
       Scroll            |       |       |    13 |       ||    13
 Stab: Sleeping          |     1 |    10 |     7 |       ||    18
       Distracted        |     1 |       |       |     1 ||     2
       Invisible         |       |       |    14 |     2 ||    16
  Eat: Chunk             |       |     3 |     4 |       ||     7
       Pizza             |       |     1 |     1 |     1 ||     3
       Bread ration      |       |       |     1 |     1 ||     2
       Beef jerky        |       |       |     2 |     1 ||     3
       Meat ration       |       |       |     2 |       ||     2
